 Dungeon Crawl Stone Soup version 0.19.5 (webtiles) character file.

78952 Inarius the Impaler (level 15, -8/108 HPs)
             Began as a Minotaur Fighter on May 7, 2017.
             Was the Champion of Nemelex Xobeh.
             Mangled by a starcursed mass (9 damage)
             ... on level 2 of the Lair of Beasts on May 8, 2017.
             The game lasted 02:06:04 (24664 turns).

Inarius the Impaler (Minotaur Fighter)             Turns: 24664, Time: 02:06:04

Health: -8/108     AC: 22    Str: 25    XL:     15   Next: 19%
Magic:  21/23      EV: 13    Int:  5    God:    Nemelex Xobeh [******]
Gold:   1084       SH: 11    Dex: 23    Spells: 1 memorised, 12 levels left

rFire  + + +     SeeInvis .     B - +6 trident "Buopn" {holy, rElec rC+}
rCold  x . .     Gourm    +     M - +4 fire dragon scales of Kenudgh {rF++ rC- rN+ rCorr Str+3}
rNeg   + + .     Faith    .     Y - +3 buckler {reflect}
rPois  +         Spirit   .     (helmet unavailable)
rElec  +         Reflect  +     X - +2 cloak
rCorr  +         Harm     .     (no gloves)
MR     ++...     Clarity  +     P - +2 pair of boots
Stlth  ++++...... Rnd*Tele +    j - amulet of the gourmand
                                a - ring "Xurijuc" {Fire rPois rN+ MR+ Int-4}
                                H - +6 ring of dexterity

@: very slightly contaminated, invisible
A: retaliatory headbutt, horns 3, slimy green scales 1, thin skeletal structure
2, camouflage 1, agile 2, berserk 2, blink, clarity, clever 1, clumsy 2,
deformed body, frail 2, sense surroundings 1, poison resistance, teleportitis 3,
subdued magic 1
a: Blink, Triple Draw, Deal Four, Stack Five, Renounce Religion


You were on level 2 of the Lair of Beasts.
You worshipped Nemelex Xobeh.
Nemelex Xobeh was exalted by your worship.
You were full.

You visited 4 branches of the dungeon, and saw 20 of its levels.
You visited the Abyss 1 time.
You also visited: Ossuary, Bailey and Ice Cave.

You collected 2676 gold pieces.
You spent 1592 gold pieces at shops.

Inventory:

Hand Weapons
 B - the +6 trident "Buopn" (weapon) {holy, rElec rC+}
   (You found it on level 5 of the Dungeon)

   It has been blessed by the Shining One to cause great damage to the undead
   and demons.
   It protects you from cold.
   It insulates you from electricity.
Armour
 M - the +4 fire dragon scales of Kenudgh (worn) {rF++ rC- rN+ rCorr Str+3}
   (You found it on level 6 of the Lair of Beasts)

   It affects your strength (+3).
   It greatly protects you from fire.
   It makes you vulnerable to cold.
   It protects you from negative energy.
   It protects you from acid and corrosion.
 P - a +2 pair of boots (worn)
 X - a +2 cloak (worn)
 Y - a +3 buckler of reflection (worn)
Jewellery
 a - the ring "Xurijuc" (right hand) {Fire rPois rN+ MR+ Int-4}
   (You acquired it on level 2 of the Lair of Beasts)

   [ring of fire]

   It enhances your fire magic.
   It affects your intelligence (-4).
   It protects you from fire.
   It makes you vulnerable to cold.
   It protects you from poison.
   It protects you from negative energy.
   It affects your resistance to hostile enchantments.
 j - an amulet of the gourmand (around neck)
 u - a +5 ring of evasion
 H - a +6 ring of dexterity (left hand)
Scrolls
 c - a scroll of amnesia
 d - 5 scrolls of fog
 h - 10 scrolls of remove curse
 l - 3 scrolls of recharging
 m - 2 scrolls of blinking
 o - 2 scrolls of fear
 q - a scroll of summoning
 v - 9 scrolls of teleportation
 G - a scroll of magic mapping
 L - 2 scrolls of silence
 O - a scroll of torment {unknown}
 Q - a scroll of immolation
 T - a scroll of holy word
 U - a scroll of enchant armour
Potions
 i - 5 potions of might
 r - 2 potions of invisibility
 w - 3 potions of flight
 x - 3 potions of ambrosia
 A - 2 potions of curing
 D - 3 potions of haste
 E - 4 potions of resistance
 R - 4 potions of agility
Miscellaneous
 e - a legendary deck of summoning
 g - a legendary deck of destruction
 n - an ornate deck of destruction
 z - an ornate deck of destruction
 F - a legendary deck of escape
 K - an ornate deck of destruction {drawn: 2}
 N - a legendary deck of destruction
 V - 2 phantom mirrors
 Z - a legendary deck of escape
Comestibles
 b - 12 beef jerkies
 f - 9 bread rations
 k - 7 meat rations
 t - 33 fruits
 C - 3 slices of pizza
 W - 11 royal jellies


   Skills:
 + Level 13.5 Fighting
   Level 6.3(12.1) Axes
   Level 0.5(3.9) Maces & Flails
 + Level 15.6(16.0) Polearms
 - Level 0.2 Throwing
 + Level 13.5 Armour
 + Level 4.0 Dodging
 + Level 4.1 Stealth
 + Level 12.8 Shields
 * Level 12.0 Invocations


You had 12 spell levels left.
You knew the following spells:

 Your Spells              Type           Power        Failure   Level  Hunger
a - Blink                 Tloc           N/A          98%         2    ###....


Dungeon Overview and Level Annotations

Branches:
Dungeon (11/15)            Temple (0/1) D:7            Lair (6/6) D:8
  Swamp (0/4) Lair:3        Snake (1/4) Lair:2        Slime (0/5) Lair:6
    Orc (2/2) D:11            Elf (0/3) Orc:2

Altars:
Ashenzari
Dithmenos
Fedhas
Hepliaklqana
Makhleb
Nemelex Xobeh
Ru
Trog
Xom
The Shining One
Beogh
Jiyva

Shops:
D:8 =[*   D:9 :   D:11 !*   Orc:2 [[[([=


Innate Abilities, Weirdness & Mutations

You reflexively headbutt those who attack you in melee.
You have a pair of large horns on your head.
You are partially covered in slimy green scales. (AC +2)
You have a moderately thin skeletal structure. (Dex +4, Stealth+)
Your skin changes colour to match your surroundings (Stealth+).
You are very agile. (Dex +4)
You can translocate small distances at will.
You possess an exceptional clarity of mind.
Your mind is acute. (Int +2)
You passively map a small area around you.
Your system is resistant to poisons. (rPois)
Your spells are a little easier to cast, but a little less powerful.
[You often lose your temper in combat.]
[You are very clumsy. (Dex -4)]
[Armour fits poorly on your strangely shaped body.]
[You are very frail. (-20% HP)]
[You are often teleported next to monsters.]


Message History

You block the starcursed mass's attack. x2; The starcursed mass engulfs you!
* * * LOW HITPOINT WARNING * * *
You pass through the gate.
Welcome back to the Lair of Beasts!
Things that are here:
a +3 trident of distortion the +10 halberd of Wytrauci {chop, +Rage rPois Str-4 Dex+7} You feel better.
A chorus of shrieks assaults your mind.
* * * LOW HITPOINT WARNING * * *
The starcursed mass barely misses you. The starcursed mass misses you.
The starcursed mass engulfs you but does no damage.
You fade into invisibility!
The starcursed mass engulfs you but does no damage.
The starcursed mass closely misses you.
The starcursed mass engulfs you but does no damage.
You are very lightly contaminated with residual magic.
The starcursed mass engulfs you!
You die...
Your body glows with a rainbow of weird colours and disappears.

#.#>.... ##...... ##..... #.....
####..... # ########### #######
##..#.....
####P.#...##P###P#P#.###..##.....
..............X)X...>............
..............XX@........>.......
.................................
..............)=)}...............
.................................
.................................
.................................
..#P####.........................
##### #.........................
##.........................


You could see 4 starcursed masses.

Vanquished Creatures
  A very ugly thing (Abyss:4)
  A dire elephant (Lair:6)
  A white draconian (IceCv)
  Erolcha (Orc:2)
  A naga warrior (Snake:1)
  A hydra (Lair:5)
  2 catoblepae
  A queen ant (Lair:2)
  The ghost of Exporg the Cleaver, a journeyman GrBe of Trog (IceCv)
  2 death yaks (Lair:6)
  3 orc high priests
  The ghost of Lovchig the Cleaver, a novice DDFi of the Shining One (D:7)
  A sixfirhy (Abyss:4)
  An unseen horror (D:11)
  2 sea snakes
  A naga ritualist (Snake:1)
  A lindwurm (Lair:6)
  A hill giant (D:11)
  2 orc knights
  2 ugly things
  4 mana vipers (Snake:1)
  A salamander (Snake:1)
  8 elephants
  Maurice (Orc:2)
  A naga mage (Snake:1)
  A torpor snail (Lair:6)
  2 ice statues (IceCv)
  8 black mambas
  A black mamba (shapeshifter) (D:11)
  An eye of devastation (Abyss:4)
  11 spiny frogs
  7 rime drakes
  5 komodo dragons
  The ghost of doot the Changer, a novice OpTm (D:5)
  5 hornets
  A troll (D:11)
  15 polar bears
  14 blink frogs
  5 dream sheep (Lair:5)
  8 hippogriffs
  Sigmund (D:3)
  A wraith (D:10)
  2 wyverns
  20 yaks
  3 basilisks
  Grum (D:9)
  2 hungry ghosts (D:8)
  6 vampire mosquitoes (Lair:3)
  2 chaos spawn (Abyss:4)
  A spatial vortex (Abyss:4)
  Menkaure (D:5)
  A mottled dragon (D:11)
  2 nagas (Snake:1)
  A soldier ant (D:11)
  8 water moccasins
  5 wargs
  4 porcupines
  The ghost of VeryBadWizard the Chucker, an amateur OgHu (D:3)
  2 hell hounds (D:8)
  17 ice beasts
  37 orc warriors
  A swamp drake (Lair:3)
  3 sky beasts
  Purgy (D:4)
  A necrophage (D:9)
  13 ogres
  A phantom (D:8)
  16 wolves
  A tengu (Lair:6)
  13 crocodiles
  2 centaurs
  A big kobold (D:9)
  10 bullfrogs
  4 scorpions
  16 killer bees
  A howler monkey (D:10)
  5 electric eels
  A centaur zombie (D:7)
  A bullfrog zombie (D:11)
  2 crimson imps
  A quasit (Abyss:4)
  7 hounds
  13 orc priests
  A centaur skeleton (D:6)
  2 jellies (Lair:6)
  21 orc wizards
  8 iguanas
  A hell rat (Lair:3)
  7 worker ants
  3 hound skeletons
  3 mummies (Ossuary)
  A worker ant zombie (D:10)
  9 adders
  8 gnolls
  A howler monkey skeleton (D:4)
  2 river rats
  4 shadow imps
  12 white imps (Lair:4)
  4 oozes
  An adder skeleton (D:9)
  A worm (D:5)
  4 dart slugs
  4 leopard geckos
  89 orcs
  3 ball pythons
  5 giant cockroaches
  4 gnoll zombies (Ossuary)
  7 goblins
  9 hobgoblins
  13 jackals
  2 quokkas
  8 bats
  3 frilled lizards
  6 gnoll skeletons (Ossuary)
  A goblin skeleton (Ossuary)
  6 goblin zombies (Ossuary)
  2 jackal skeletons (D:4)
  13 kobolds
  3 kobold skeletons (Ossuary)
  5 kobold zombies (Ossuary)
  2 orc skeletons (Ossuary)
  9 rats
  6 rat skeletons (Ossuary)
  3 rat zombies (Ossuary)
  A bush (Lair:6)
  A butterfly (Lair:1)
657 creatures vanquished.

Vanquished Creatures (collateral kills)
  An orc warlord (Orc:2)
  3 very ugly things (Abyss:4)
  2 ice dragons (Lair:5)
  A hydra (Lair:6)
  A naga warrior (Snake:1)
  A rakshasa (Abyss:4)
  A merfolk avatar (Lair:6)
  3 death yaks (Lair:6)
  A shock serpent (Snake:1)
  A wretched star (Abyss:4)
  2 harpies (Lair:6)
  A hill giant (D:10)
  An ugly thing (Abyss:4)
  5 elephants
  A black mamba (Snake:1)
  6 spiny frogs
  A gargoyle (D:11)
  3 rime drakes
  A queen bee (Lair:3)
  2 hornets
  A wind drake (Lair:6)
  A large abomination (Abyss:4)
  5 blink frogs
  3 raiju (Abyss:4)
  3 hippogriffs
  3 starcursed masses (Abyss:4)
  A spriggan (Lair:1)
  3 wyverns
  10 yaks
  2 basilisks (Lair:3)
  A hungry ghost (Abyss:4)
  2 nagas (Snake:1)
  3 water moccasins
  A porcupine (Lair:1)
  An ice beast (Lair:5)
  3 orc warriors (Orc:2)
  A wolf (Lair:3)
  4 crocodiles
  A bullfrog (Orc:2)
  15 killer bees (Lair:3)
  A crimson imp (Abyss:4)
  3 orc priests (Orc:2)
  A jelly (Lair:6)
  2 orc wizards (Orc:2)
  A worker ant (D:11)
  An ufetubus (Abyss:4)
  A leopard gecko (D:10)
  9 orcs
  3 jackals (D:7)
  A fungus (Lair:1)
  2 plants (Lair:6)
127 creatures vanquished.

Vanquished Creatures (others)
  An orc sorcerer (Orc:2)
  2 elephants (Lair:6)
  A rime drake (Lair:5)
  A small abomination (Abyss:4)
  A water moccasin (Lair:6)
  6 orc warriors (Orc:2)
  3 wolves (IceCv)
  A centaur (D:11)
  2 orc wizards (Orc:2)
  A jelly (D:11)
  An orc priest (Orc:2)
  An iguana (D:6)
  A worker ant (D:11)
  A mummy (Ossuary)
  An ooze (D:11)
  4 ball lightnings
  5 orcs
  5 kobolds (Bailey)
  4 goblin skeletons (Ossuary)
  3 goblin zombies (Ossuary)
  A hobgoblin skeleton (Ossuary)
  A hobgoblin zombie (Ossuary)
  2 orc zombies (Ossuary)
  2 rat skeletons (Ossuary)
  A rat zombie (Ossuary)
  5 fungi
  31 plants
88 creatures vanquished.

Grand Total: 872 creatures vanquished

Notes
Turn   | Place    | Note
-------+----------+-------------------------------------------
     0 | D:1      | Inarius the Minotaur Fighter began the quest for the Orb.
     0 | D:1      | Reached XP level 1. HP: 19/19 MP: 0/0
   503 | D:1      | Reached XP level 2. HP: 26/27 MP: 1/1
  1108 | D:1      | Reached XP level 3. HP: 33/33 MP: 2/2
  1535 | D:2      | Found a glowing golden altar of the Shining One.
  1535 | D:2      | Found a faded altar of an unknown god.
  1558 | D:2      | Found a faded altar of an unknown god.
  1565 | D:2      | Found a faded altar of an unknown god.
  1567 | D:2      | Found a faded altar of an unknown god.
  1717 | D:2      | Reached XP level 4. HP: 40/40 MP: 3/3
  1786 | D:2      | Found a shimmering altar of Xom.
  1788 | D:2      | Found a hazy altar of Hepliaklqana.
  1788 | D:2      | Noticed a yak
  1789 | D:2      | Noticed a yak
  1789 | D:2      | Noticed a spectral ugly thing
  2039 | D:3      | Noticed VeryBadWizard's ghost (amateur OgHu)
  2063 | D:3      | Killed VeryBadWizard's ghost
  2063 | D:3      | Reached skill level 5 in Shields
  2063 | D:3      | Reached XP level 5. HP: 32/47 MP: 4/4
  2529 | D:3      | Noticed Sigmund
  2546 | D:3      | Killed Sigmund
  2546 | D:3      | Reached skill level 5 in Fighting
  2546 | D:3      | Reached skill level 5 in Axes
  2546 | D:3      | Reached XP level 6. HP: 31/56 MP: 5/5
  2841 | D:3      | Reached skill level 1 in Dodging
  2894 | D:3      | Noticed a sky beast
  2912 | D:3      | Killed a sky beast
  2918 | D:3      | Found a sparkling altar of Nemelex Xobeh.
  2946 | D:3      | Gained mutation: You are partially covered in molten scales. (AC +2) [mutagenic meat]
  3109 | D:3      | Gained mutation: [You are occasionally teleported next to monsters.] [potion of mutation]
  3109 | D:3      | Lost mutation: You are partially covered in molten scales. (AC +2) [potion of mutation]
  3129 | D:3      | Became a worshipper of Nemelex Xobeh the Trickster
  3277 | D:3      | Received a gift from Nemelex Xobeh
  3390 | D:3      | Reached XP level 7. HP: 61/61 MP: 6/6
  4059 | D:4      | Noticed Purgy
  4067 | D:4      | Killed Purgy
  4067 | D:4      | Reached skill level 5 in Armour
  4067 | D:4      | Reached skill level 1 in Invocations
  4454 | D:5      | Entered Level 5 of the Dungeon
  4458 | D:5      | Reached * piety under Nemelex Xobeh
  4460 | D:5      | Got a scorched trident
  4467 | D:5      | Identified the +6 trident "Buopn" {holy, rElec rC+} (You found it on level 5 of the Dungeon)
  4491 | D:5      | Received a gift from Nemelex Xobeh
  4507 | D:5      | Noticed doot's ghost (novice OpTm)
  4513 | D:5      | Killed doot's ghost
  4513 | D:5      | Reached skill level 1 in Polearms
  4513 | D:5      | Reached XP level 8. HP: 66/70 MP: 8/8
  4574 | D:5      | Found a burning altar of Makhleb.
  4729 | D:5      | Found a sparkling altar of Nemelex Xobeh.
  4848 | D:5      | Reached skill level 2 in Polearms
  5048 | D:5      | Noticed Menkaure
  5051 | D:5      | Reached skill level 3 in Polearms
  5055 | D:5      | Killed Menkaure
  5263 | D:6      | Found a sand-covered staircase.
  5271 | Ossuary  | Entered an ossuary
  5289 | Ossuary  | Reached skill level 4 in Polearms
  5689 | D:6      | Reached skill level 5 in Polearms
  5829 | D:6      | Reached XP level 9. HP: 77/77 MP: 11/11
  6156 | D:6      | Reached ** piety under Nemelex Xobeh
  6201 | D:6      | Reached skill level 6 in Polearms
  6323 | D:6      | Found a bloodstained altar of Trog.
  6520 | D:7      | Found a flagged portal.
  6604 | Bailey   | Entered a bailey
  6786 | Bailey   | Reached skill level 5 in Invocations
  6788 | Bailey   | Reached skill level 7 in Polearms
  6808 | Bailey   | Found a burning altar of Makhleb.
  7453 | D:7      | Found a blossoming altar of Fedhas.
  7489 | D:7      | Found a sacrificial altar of Ru.
  7568 | D:7      | Received a gift from Nemelex Xobeh
  7652 | D:7      | Found a staircase to the Ecumenical Temple.
  7805 | D:7      | Noticed Lovchig's ghost (novice DDFi)
  7816 | D:7      | Killed Lovchig's ghost
  7816 | D:7      | Reached skill level 8 in Polearms
  7816 | D:7      | Reached XP level 10. HP: 60/86 MP: 13/13
  8061 | D:7      | Found a shattered altar of Ashenzari.
  8264 | D:8      | Found a shadowy altar of Dithmenos.
  8345 | D:8      | Found Hideng's Jewellery Shop.
  8371 | D:8      | Found Hauli's Antique Armour Shoppe.
  8399 | D:8      | Bought a glowing cloak for 283 gold pieces
  8477 | D:8      | Found a staircase to the Lair.
  8629 | D:8      | Received a gift from Nemelex Xobeh
  8678 | D:8      | Reached *** piety under Nemelex Xobeh
  8792 | D:8      | Found Zaocsuq's General Store.
  8796 | D:8      | Bought a scroll of enchant armour for 90 gold pieces
  9023 | D:9      | Noticed Grum
  9041 | D:9      | Killed Grum
  9067 | D:9      | Reached skill level 9 in Polearms
  9087 | D:9      | Got a twitching pewter ring
  9290 | D:9      | Identified the ring of Zuupokh {rCorr MR+} (You found it on level 9 of the Dungeon)
  9465 | D:9      | Found Kauffiug's Book Shop.
  9477 | D:9      | Bought a book of Minor Magic for 280 gold pieces
  9480 | D:9      | Learned a level 2 spell: Blink
  9516 | D:9      | Gained mutation: You have a somewhat thin skeletal structure. (Dex +2, Stealth) [potion of beneficial mutation]
  9517 | D:9      | Gained mutation: You can translocate small distances at will. [potion of mutation]
  9517 | D:9      | Gained mutation: Your body sometimes deteriorates upon taking damage. [potion of mutation]
  9518 | D:9      | Gained mutation: You possess an exceptional clarity of mind. [potion of mutation]
  9518 | D:9      | Gained mutation: You have a pair of large horns on your head. [potion of mutation]
  9519 | D:9      | Gained mutation: Your spells are a little easier to cast, but a little less powerful. [potion of mutation]
  9519 | D:9      | Lost mutation: You possess an exceptional clarity of mind. [potion of mutation]
  9520 | D:9      | Gained mutation: Your magical capacity is low. (-10% MP) [potion of mutation]
  9520 | D:9      | Gained mutation: You passively map a small area around you. [potion of mutation]
  9520 | D:9      | Gained mutation: You are agile. (Dex +2) [potion of mutation]
  9521 | D:9      | Gained mutation: You are partially covered in slimy green scales. (AC +2) [potion of beneficial mutation]
  9578 | D:9      | Got a coiled silver ring
  9580 | D:9      | Identified the ring of Tutih {Ice *Slow rPois Int+4} (You found it on level 9 of the Dungeon)
  9756 | D:9      | Received a gift from Nemelex Xobeh
  9870 | D:9      | Paralysed by a hornet for 1 turns
 10108 | D:9      | Lost mutation: Your magical capacity is low. (-10% MP) [mutagenic meat]
 10110 | D:9      | Lost mutation: Your body sometimes deteriorates upon taking damage. [mutagenic meat]
 10267 | D:10     | Entered Level 10 of the Dungeon
 10327 | D:10     | Noticed a hill giant
 10342 | D:10     | Killed a hill giant
 10557 | D:10     | Reached skill level 10 in Polearms
 10693 | D:10     | Reached **** piety under Nemelex Xobeh
 10942 | D:11     | Received a gift from Nemelex Xobeh
 11034 | D:11     | Noticed a hill giant
 11043 | D:11     | Killed a hill giant
 11043 | D:11     | Reached XP level 11. HP: 80/94 MP: 15/15
 11097 | D:11     | Noticed an unseen horror
 11100 | D:11     | Killed an unseen horror
 11113 | D:11     | Noticed a white ugly thing
 11120 | D:11     | Killed a white ugly thing
 11152 | D:11     | Found Itaiqa's Distillery.
 11161 | D:11     | Bought 2 potions of might for 112 gold pieces
 11161 | D:11     | Bought a potion of mutation for 35 gold pieces
 11161 | D:11     | Gained mutation: You are very agile. (Dex +4) [potion of mutation]
 11161 | D:11     | Gained mutation: You evolve. [potion of mutation]
 11161 | D:11     | Lost mutation: Your spells are a little easier to cast, but a little less powerful. [potion of mutation]
 11500 | D:11     | Found a staircase to the Orcish Mines.
 11743 | D:11     | Found Nienioc's General Store.
 11759 | D:11     | Bought a scroll of identify for 32 gold pieces
 11770 | D:11     | Received a gift from Nemelex Xobeh
 11820 | D:10     | Gained mutation: You have a moderately thin skeletal structure. (Dex +4, Stealth+) [evolution]
 11842 | D:8      | Reached skill level 11 in Polearms
 11954 | Lair:1   | Entered Level 1 of the Lair of Beasts
 11962 | Lair:1   | Noticed a spriggan rider
 12694 | Lair:1   | Gained mutation: Your system is resistant to poisons. (rPois) [evolution]
 13039 | Lair:1   | Reached skill level 12 in Polearms
 13039 | Lair:1   | Reached skill level 10 in Armour
 13216 | Lair:2   | Reached ***** piety under Nemelex Xobeh
 13217 | Lair:2   | Received a gift from Nemelex Xobeh
 13239 | Lair:2   | Noticed a six-headed hydra
 13240 | Lair:2   | Noticed a queen ant
 13240 | Lair:2   | a six-headed hydra changed into a queen ant
 13247 | Lair:2   | Killed a queen ant
 13289 | Lair:2   | Reached XP level 12. HP: 105/105 MP: 17/17
 13559 | Lair:2   | Found a staircase to the Snake Pit.
 13857 | Lair:3   | Received a gift from Nemelex Xobeh
 13972 | Lair:3   | Reached skill level 10 in Fighting
 13973 | Lair:3   | Reached skill level 13 in Polearms
 14008 | Lair:3   | Reached skill level 10 in Shields
 14394 | Lair:3   | Received a gift from Nemelex Xobeh
 14484 | Lair:3   | Reached skill level 1 in Stealth
 14600 | Lair:3   | Found a staircase to the Swamp.
 14808 | Lair:3   | Received a gift from Nemelex Xobeh
 15138 | Lair:4   | Found a frozen archway.
 15159 | IceCv    | Entered an ice cave
 15261 | IceCv    | Noticed Exporg's ghost (journeyman GrBe)
 15275 | IceCv    | Killed Exporg's ghost
 15512 | IceCv    | Gained mutation: Your skin changes colour to match your surroundings (Stealth+). [potion of beneficial mutation]
 16006 | IceCv    | Reached skill level 14 in Polearms
 16184 | IceCv    | Received a gift from Nemelex Xobeh
 16184 | IceCv    | Noticed a white draconian
 16187 | IceCv    | Reached XP level 13. HP: 114/115 MP: 19/19
 16225 | IceCv    | Killed a white draconian
 16417 | IceCv    | Gained mutation: You possess an exceptional clarity of mind. [evolution]
 16485 | IceCv    | Got a shimmering glaive
 16497 | IceCv    | Identified the +10 glaive "Qulesk" {chop, rC+} (You found it in an ice cave)
 16784 | Lair:4   | Received a gift from Nemelex Xobeh
 17683 | Lair:4   | Reached skill level 10 in Invocations
 18186 | Lair:5   | Received a gift from Nemelex Xobeh
 18186 | Lair:5   | Received a gift from Nemelex Xobeh
 18205 | Lair:5   | Gained mutation: Your mind is acute. (Int +2) [potion of beneficial mutation]
 18777 | Lair:5   | Reached ****** piety under Nemelex Xobeh
 18992 | Lair:6   | Entered Level 6 of the Lair of Beasts
 19608 | Lair:6   | Received a gift from Nemelex Xobeh
 19611 | Lair:6   | Found a runed door.
 19611 | Lair:6   | Found a viscous altar of Jiyva.
 19618 | Lair:6   | Found a staircase to the Slime Pits.
 19626 | Lair:6   | Reached XP level 14. HP: 124/125 MP: 21/21
 20171 | Lair:6   | Reached skill level 15 in Polearms
 20197 | Lair:6   | Paralysed by a hornet for 2 turns
 20387 | Lair:6   | Got heavily runed fire dragon scales
 20393 | Lair:6   | Got a dazzling dagger
 20398 | Lair:6   | Got an encrusted scale mail
 20684 | Lair:2   | Identified the cursed +3 dagger of the Eight Beds {elec, rElec} (You found it on level 6 of the Lair of Beasts)
 20710 | Lair:2   | Identified the +4 fire dragon scales of Kenudgh {rF++ rC- rN+ rCorr Str+3} (You found it on level 6 of the Lair of Beasts)
 20740 | Lair:2   | Identified the +3 scale mail of the Hanged Man {rF+} (You found it on level 6 of the Lair of Beasts)
 20965 | Orc:1    | Entered Level 1 of the Orcish Mines
 21295 | Orc:1    | Received a gift from Nemelex Xobeh
 21655 | Orc:2    | Entered Level 2 of the Orcish Mines
 21741 | Orc:2    | Received a gift from Nemelex Xobeh
 21778 | Orc:2    | Found a roughly hewn altar of Beogh.
 22079 | Orc:2    | Noticed Maurice
 22091 | Orc:2    | Killed Maurice
 22112 | Orc:2    | Lost mutation: You evolve. [evolution]
 22140 | Orc:2    | Received a gift from Nemelex Xobeh
 22219 | Orc:2    | Found a roughly hewn altar of Beogh.
 22220 | Orc:2    | Found Pecy's Antique Armour Boutique.
 22300 | Orc:2    | Noticed Erolcha
 22315 | Orc:2    | Killed Erolcha
 22353 | Orc:2    | Gained mutation: Your spells are a little easier to cast, but a little less powerful. [a neqoxec]
 22358 | Orc:2    | Noticed an orc warlord
 22370 | Orc:2    | Killed an orc warlord
 22451 | Orc:2    | Found a roughly hewn altar of Beogh.
 22652 | Orc:2    | Found a staircase to the Elven Halls.
 22656 | Orc:2    | Found a roughly hewn altar of Beogh.
 22681 | Orc:2    | Found Ixtett's Jewellery Emporium.
 22828 | Orc:2    | Found Fedar's Antique Armour Emporium.
 22867 | Orc:2    | Found Fygius's Armour Emporium.
 22883 | Orc:2    | Found a roughly hewn altar of Beogh.
 22996 | Orc:2    | Found a roughly hewn altar of Beogh.
 23095 | Orc:2    | Found a roughly hewn altar of Beogh.
 23095 | Orc:2    | Found Zackemog's Antique Armour Shoppe.
 23096 | Orc:2    | Found Cim Viun's Antique Weapon Emporium.
 23176 | Orc:2    | Bought a +6 ring of dexterity for 760 gold pieces
 23478 | Snake:1  | Entered Level 1 of the Snake Pit
 23530 | Snake:1  | Received a gift from Nemelex Xobeh
 24046 | Snake:1  | Got a slimy halberd
 24090 | Snake:1  | Received a gift from Nemelex Xobeh
 24098 | Snake:1  | Identified 3 scrolls of acquirement
 24138 | Lair:2   | Identified the +10 halberd of Wytrauci {chop, +Rage rPois Str-4 Dex+7} (You found it on level 1 of the Snake Pit)
 24307 | Snake:1  | Reached XP level 15. HP: 128/136 MP: 22/22
 24435 | Lair:2   | Got a twitching granite ring
 24438 | Lair:2   | Identified the ring "Xurijuc" {Fire rPois rN+ MR+ Int-4} (You acquired it on level 2 of the Lair of Beasts)
 24474 | Lair:2   | Cast into level 4 of the Abyss (a distortion unwield)
 24474 | Abyss:4  | Found a corrupted altar of Lugonu.
 24654 | Abyss:4  | Paralysed by accursed screaming for 2 turns
 24660 | Abyss:4  | HP: 2/108 [starcursed mass (10)]
 24661 | Lair:2   | Escaped the Abyss
 24664 | Lair:2   | Mangled by a starcursed mass

Skill      XL: |  1  2  3  4  5  6  7  8  9 10 11 12 13 14 15 |
---------------+----------------------------------------------+-----
Armour         | 4 5 6 7 9 10 11 12 13 | 13.5
Shields        | 4 5 6 7 8 9 10 11 12 | 12.8
Fighting       | 4 5 6 7 8 9 10 11 13 | 13.5
Axes           | 3 4 5 6 |  6.3
Dodging        | 1 2 3 4 |  4.0
Invocations    | 2 4 5 7 8 9 10 11 12 | 12.0
Polearms       | 1 5 8 10 12 14 15 | 15.6
Stealth        | 1 2 3 4 |  4.1
Maces & Flails | |  0.5
Throwing       | |  0.2

Action                   |  1- 3 |  4- 6 |  7- 9 | 10-12 | 13-15 || total
-------------------------+-------+-------+-------+-------+-------++-------
Melee: War axe           |    89 |   116 |    38 |       |       ||   243
       Headbutt          |    13 |    14 |    36 |   161 |   319 ||   543
       Flail             |       |       |    22 |       |       ||    22
       Trident           |       |       |   277 |   684 |  1017 ||  1978
Throw: Tomahawk          |       |       |    12 |       |       ||    12
Invok: Deal Four         |       |       |       |       |     1 ||     1
 Abil: Blink             |       |       |       |     6 |       ||     6
Evoke: Deck              |       |       |    11 |    37 |    47 ||    95
  Use: Scroll            |       |     4 |    13 |    13 |     9 ||    39
       Potion            |       |     2 |     1 |    11 |     8 ||    22
 Stab: Distracted        |       |       |     1 |     2 |     8 ||    11
       Sleeping          |       |       |       |       |     4 ||     4
       Petrified         |       |       |       |       |     3 ||     3
       Petrifying        |       |       |       |       |     1 ||     1
  Eat: Chunk             |     3 |     5 |    25 |    40 |    26 ||    99
       Pizza             |       |     1 |       |     1 |       ||     2
Armor: Scale mail        |    16 |       |       |       |       ||    16
       Chain mail        |    22 |    60 |    87 |       |       ||   169
       Plate armour      |       |       |    16 |   254 |   190 ||   460
       Fire dragon scale |       |       |       |       |    90 ||    90
Dodge: Dodged            |    26 |    22 |    60 |   130 |   276 ||   514
Block: Shield            |    55 |    63 |   158 |   120 |       ||   396
       Buckler           |       |       |       |    95 |   315 ||   410
       Reflection        |       |       |       |     1 |     7 ||     8
